 Dungeon Crawl Stone Soup version 0.24-a0-250-g6074511 (webtiles) character file.

Game seed: 2999197400881092229

794 wirefist the Skirmisher (level 7, -11/71 HPs)
             Began as a Troll Fighter on Apr 15, 2019.
             Mangled by an orc warrior
             ... wielding the +11 dire flail "Omiotrer" {speed, rN+ MP+9 Int-3}
              (17 damage)
             ... on level 3 of the Dungeon.
             The game lasted 00:10:51 (3187 turns).

wirefist the Skirmisher (Troll Fighter)             Turns: 3187, Time: 00:10:51

Health: -11/71     AC:  6    Str: 25    XL:     7   Next: 58%
Magic:  6/6        EV:  9    Int:  4    God:
Gold:   253        SH:  9    Dex: 11    Spells: 6/6 levels left

rFire    . . .     SeeInvis .   n - +1 whip (elec)
rCold    . . .     Gourm    +   c - +0 shield
rNeg     . . .     Faith    .   b - +0 robe
rPois    .         Spirit   .   (helmet restricted)
rElec    .         Reflect  .   (no cloak)
rCorr    .         Harm     .   (gloves unavailable)
MR       .....                  (boots unavailable)
Stlth    +.........             (no amulet)
HPRegen  0.61/turn              (no ring)
MPRegen  0.10/turn              (no ring)

@: no status effects
A: large, unfitting armour, claws 3, fast metabolism 3, gourmand, regeneration
1, shaggy fur 1, tough skin 3
a: no special abilities


You were on level 3 of the Dungeon.
You were full.

You visited 1 branch of the dungeon, and saw 4 of its levels.

You collected 253 gold pieces.

Inventory:

Hand Weapons
 a - a +0 flail
 n - a +1 whip of electrocution (weapon)
Armour
 b - a +0 robe (worn)
 c - a +0 shield (worn)
Wands
 v - a wand of clouds (3)
Scrolls
 g - 3 scrolls of teleportation {unknown}
 i - 2 scrolls of fog {unknown}
 o - 4 scrolls of remove curse {unknown}
 p - a scroll of identify {unknown}
 r - 2 scrolls of enchant weapon {unknown}
 s - a scroll of noise {unknown}
 t - a scroll of magic mapping {unknown}
 u - a scroll of enchant armour {unknown}
Potions
 d - a potion of might
 e - a potion of mutation {unknown}
 h - 4 potions of invisibility
 j - a potion of heal wounds {unknown}
 k - a potion of brilliance {unknown}
 l - a potion of berserk rage {unknown}
 m - 4 potions of curing {unknown}
 q - a potion of magic {unknown}
 w - 2 potions of resistance {unknown}
 x - a potion of agility {unknown}
Comestibles
 f - 8 rations


   Skills:
 * Level 4.8 Fighting
 * Level 4.8 Maces & Flails
 + Level 3.6 Dodging
 + Level 3.7 Shields


You had 6 spell levels left.
You didn't know any spells.
Your spell library was empty.

Dungeon Overview and Level Annotations

Branches:
Dungeon (4/15)
 Temple: D:4-7

Altars:
Nemelex Xobeh
Ru
Sif Muna
Beogh

Shops:
D:4 (


Innate Abilities, Weirdness & Mutations

You are too large for most types of armour.
You have claws for hands.
Your metabolism is lightning-fast.
You like to eat raw meat.
Your natural rate of healing is unusually fast.
You are covered in fur. (AC +1)
You have extremely tough skin. (AC +3)


Message History

The orc warrior hits you with the +11 dire flail "Omiotrer" {speed, rN+ MP+9 Int-3}!
You hit the orc. Lightning courses through the orc!
You kill the orc!
You block the orc warrior's attack.
You hit the orc warrior but do no damage.
You block the orc warrior's attack.
You barely miss the orc warrior.
The orc warrior hits you with the +11 dire flail "Omiotrer" {speed, rN+ MP+9 Int-3}!!
* * * LOW HITPOINT WARNING * * *
You hit the orc warrior but do no damage.
The orc warrior hits you with the +11 dire flail "Omiotrer" {speed, rN+ MP+9 Int-3}!
* * * LOW HITPOINT WARNING * * *
You hit the orc warrior.
The orc warrior is lightly wounded.
You block the orc warrior's attack.
You hit the orc warrior but do no damage.
Lightning courses through the orc warrior!!
The orc warrior is severely wounded.
The orc warrior hits you with the +11 dire flail "Omiotrer" {speed, rN+ MP+9 Int-3}!
You die...

####### ######## ######
#.....# #......####....#
#.....# #......+.....#.#
#.....#
#......#######.####.....#
#......#@o......))..)....
#.)....#)[.....####.....#
#.........<....# #######
#####.#..####..#######
#.#........#.....####
#.##.............+...
#.........##.....####
############.....#
#.....#


You could see an orc warrior.

Vanquished Creatures
  The ghost of EazyBreezy the Skirmisher, an amateur DsFi (D:3)
  A phantom (D:4)
  A scorpion (D:4)
  A hound (D:4)
  5 orc wizards
  3 orc priests
  Terence (D:1)
  4 worker ants
  5 adders
  An ooze (D:4)
  A worm (D:2)
  2 dart slugs
  3 leopard geckos
  9 orcs
  2 giant cockroaches
  8 hobgoblins
  9 kobolds
  6 quokkas
  9 bats
  9 frilled lizards
  9 goblins
  A jackal zombie (D:4)
  A leopard gecko skeleton (D:4)
  8 rats
100 creatures vanquished.

Notes
Turn   | Place    | Note
-------+----------+-------------------------------------------
     0 | D:1      | wirefist the Troll Fighter began the quest for the Orb.
     0 | D:1      | Reached XP level 1. HP: 22/22 MP: 0/0
   141 | D:1      | Reached XP level 2. HP: 29/29 MP: 1/1
   805 | D:2      | Found a sacrificial altar of Ru.
   861 | D:2      | Reached XP level 3. HP: 36/36 MP: 2/2
   891 | D:2      | Reached XP level 4. HP: 16/45 MP: 3/3
  1219 | D:2      | Noticed Terence
  1235 | D:1      | Killed Terence
  1235 | D:1      | Reached XP level 5. HP: 43/53 MP: 4/4
  1353 | D:2      | Found a sparkling altar of Nemelex Xobeh.
  1954 | D:3      | Reached XP level 6. HP: 61/62 MP: 5/5
  2521 | D:4      | Found Fesejaor's Weapon Boutique.
  2691 | D:4      | Reached XP level 7. HP: 51/71 MP: 6/6
  3019 | D:4      | Found a deep blue altar of Sif Muna.
  3097 | D:4      | Found a runed translucent gate.
  3097 | D:4      | Found a runed translucent gate.
  3097 | D:4      | Found a runed translucent gate.
  3097 | D:4      | Identified the +11 dire flail "Omiotrer" {speed, rN+ MP+9
                  | Int-3}
  3098 | D:4      | Found a roughly hewn altar of Beogh.
  3098 | D:4      | Noticed EazyBreezy's ghost (amateur DsFi)
  3131 | D:3      | Killed EazyBreezy's ghost
  3187 | D:3      | Mangled by an orc warrior

Levels and vault maps discovered:
D:1:      wander_arrival_peaceful_grave, layout_loops_corners
D:2:      cheibrodos_pilgrimage, layout_basic, nicolae_ru_awakened_eye,
          lemuel_doored_altar, uniq_terence
D:3:      layout_basic
D:4:      layout_rooms, tgw_sif, biasface_ghost_orc_armoury, serial_shops, shop,
          kennysheep_dice

Skill      XL: |  1  2  3  4  5  6 |
---------------+-------------------+-----
Maces & Flails | 2 3 4 |  4.8
Fighting       | 3 4 |  4.8
Shields        | 3 |  3.7
Dodging        | 3 |  3.6

Action                   |  1- 3 |  4- 6 |  7- 9 || total
-------------------------+-------+-------+-------++-------
Melee: Flail             |   127 |    13 |       ||   140
       Whip              |       |   224 |    38 ||   262
  Eat: Chunk             |     9 |    21 |     2 ||    32
Armor: Robe              |    45 |    62 |     6 ||   113
Dodge: Dodged            |    40 |    71 |    11 ||   122
Block: Shield            |    57 |    85 |    19 ||   161

Table legend:
 A = Non-vault XP
 B = Vault XP
 C = Vault XP percentage of total XP
 D = Non-vault monster count
 E = Vault monster count
 F = Vault count percentage of total count
                 A         B        C        D         E       F
            +---------+---------+-------+---------+---------+-------
      Total |     695 |     440 |  38.8 |      88 |      12 |  12.0
            +---------+---------+-------+---------+---------+-------
        D:1 |      32 |      36 |  52.9 |      23 |       1 |   4.2
        D:2 |      69 |     130 |  65.3 |      17 |       5 |  22.7
        D:3 |     239 |     190 |  44.3 |      35 |       3 |   7.9
        D:4 |     355 |      84 |  19.1 |      13 |       3 |  18.8
            +---------+---------+-------+---------+---------+-------
